 Dungeon Crawl Stone Soup version 0.28.0-43-g3370ac3207 (webtiles) character file.

Game seed: 6634499888661675434

84 RascalDebosk the Gusty (level 4, 0/33 HPs)
             Began as a Draconian Air Elementalist on Mar 7, 2022.
             Slain by a gnoll
             ... wielding a +0 spear
              (8 damage)
             ... on level 3 of the Dungeon on Mar 8, 2022.
             The game lasted 00:42:07 (3603 turns).

RascalDebosk the Gusty (Draconian Air Elementalist) Turns: 3603, Time: 00:42:08

Health: 0/33       AC:  5    Str: 16    XL:     4   Next: 23%
Magic:  0/7        EV: 12    Int: 17    God:
Gold:   192        SH:  0    Dex: 12    Spells: 5/8 levels left

rFire   . . .      SeeInvis .   j - +2 dagger (speed)
rCold   . . .      Faith    .   (no shield)
rNeg    . . .      Spirit   .   (armour unavailable)
rPois   .          Reflect  .   (helmet restricted)
rElec   .          Harm     .   (no cloak)
rCorr   .          Rampage  .   (no gloves)
Will    +....                   (no boots)
Stlth   ++........              (no amulet)
HPRegen 0.11/turn               h - ring of willpower
MPRegen 0.10/turn               m - +6 ring of strength

@: no status effects
A: AC +5, unfitting armour, cold-blooded
a: no special abilities


You were on level 3 of the Dungeon.
You visited 1 branch of the dungeon, and saw 3 of its levels.

You collected 192 gold pieces.

Inventory:

Hand Weapons
 a - a +0 whip
 b - a +3 short sword
 c - a +1 short sword of venom
 j - a +2 dagger of speed (weapon)
Jewellery
 h - a ring of willpower (left hand)
 m - a +6 ring of strength (right hand)
Scrolls
 e - 2 scrolls of teleportation {unknown}
 f - 6 scrolls of identify {unknown}
 g - a scroll of holy word {unknown}
 l - a scroll of immolation {unknown}
 o - a scroll of magic mapping {unknown}
Potions
 d - 2 potions of curing {unknown}
 i - a potion of mutation {unknown}
 k - a potion of resistance {unknown}
 n - a potion of might {unknown}


   Skills:
 + Level 2.3 Dodging
 + Level 2.5 Stealth
 + Level 2.6 Spellcasting
 + Level 2.0 Conjurations
 + Level 3.4 Air Magic


You had 5 spell levels left.
You knew the following spells:

 Your Spells              Type           Power      Damage    Failure   Level
a - Shock                 Conj/Air       44%        1d5       6%          1
b - Static Discharge      Conj/Air       11%        N/A       9%          2

Your spell library contained the following spells:

 Spells                   Type           Power      Damage    Failure   Level
 Swiftness                Air            14%        N/A       13%         3
 Animate Skeleton         Necr           4%         N/A       19%         1
 Apportation              Tloc           4%         N/A       19%         1
 Summon Small Mammal      Summ           8%         N/A       19%         1
 Mephitic Cloud           Conj/Pois/Air  8%         N/A       26%         3
 Airstrike                Air            7%         N/A       41%         4
 Ignite Poison            Fire/Tmut/Pois 2%         N/A       50%         3
 Freezing Cloud           Conj/Ice/Air   4%         6-21      94%         5


Dungeon Overview and Level Annotations

Branches:
Dungeon (3/15)

Altars:
Sif Muna


Innate Abilities, Weirdness & Mutations

Your plain brown scales are hard. (AC +5)
You cannot fit into any form of body armour.
You are cold-blooded and may be slowed by cold attacks.


Message History

The gnoll is moderately wounded.
You have reached level 4!
You feel agile.
Aiming: Shock (safe; 6% risk of failure)
Press: ? - help, Q - select action, (/) - cycle Shift-Dir - straight line, f/p - gnoll
Aim: a gnoll, wielding a +0 spear (moderately wounded, 72% to hit)
The zap hits the gnoll.
The gnoll is heavily wounded.
The zap hits the gnoll.
The gnoll is heavily wounded.
The zap hits the gnoll.
The gnoll is heavily wounded.
You hit the gnoll.
You tail-slap the gnoll, but do no damage.
The gnoll is almost dead.
The gnoll closely misses you.
You closely miss the gnoll.
The gnoll is almost dead.
The gnoll closely misses you.
You hit the gnoll.
You kill the gnoll!
The gnoll hits you from afar with a +0 spear.
Your Conjurations skill increases to level 2!
The gnoll misses you. The gnoll hits you with a +0 spear.
Things that are here:
a +0 flail; a gnoll corpse You closely miss the gnoll.
You tail-slap the gnoll.
The gnoll is heavily wounded.
The gnoll misses you.
You hit the gnoll but do no damage.
Your tail-slap misses the gnoll.
The gnoll is heavily wounded.
The gnoll hits you with a +0 spear!
* * * LOW HITPOINT WARNING * * *
The gnoll hits you but does no damage.
You hit the gnoll.
The gnoll is severely wounded.
You barely miss the gnoll. Your punch misses the gnoll.
The gnoll is severely wounded.
The gnoll hits you with a +0 spear!
You die...

# #. ########### ...
#.........# ....
#.........# .....
#.........#
......#..g......#
.....)'.)g@.....#
#.....#.........#
......'.........#
#######..<......#
#.#+#.##### ######.#
#.# #...##.# #.#
########.#.##.# #.#
...........##.#.#.###


You could see 2 gnolls.

Vanquished Creatures
  2 gnolls (D:3)
  3 worms (D:2)
  A dart slug (D:2)
  5 ball pythons
  5 endoplasms
  A giant cockroach (D:1)
  6 goblins
  4 hobgoblins (D:1)
  4 kobolds
  3 quokkas
  5 bats
  4 frilled lizards
  9 rats
52 creatures vanquished.

Notes
Turn   | Place    | Note
-------+----------+-------------------------------------------
     0 | D:1      | RascalDebosk the Draconian Air Elementalist began the quest
                  | for the Orb.
     0 | D:1      | Reached XP level 1. HP: 14/14 MP: 3/3
   590 | D:1      | Reached XP level 2. HP: 20/20 MP: 5/5
  1729 | D:1      | Reached XP level 3. HP: 26/26 MP: 3/6
  1762 | D:1      | Found a faded altar of an unknown god.
  2087 | D:2      | Learned a level 2 spell: Static Discharge
  3317 | D:3      | Found a shimmering blue altar of Sif Muna.
  3595 | D:3      | Reached XP level 4. HP: 22/33 MP: 1/7
  3603 | D:3      | Slain by a gnoll

Illustrated notes

Levels and vault maps discovered:
D:1:      dpeg_arrival_morbid_curiosity, layout_loops_corners,
          shapermc_ecumenical_altar_mp_vishouse
D:2:      layout_loops_ring, minmay_bisected
D:3:      layout_basic, lemuel_doored_altar

Skill      XL: |  1  2  3  4 |
---------------+-------------+-----
Stealth        | 2 |  2.5
Dodging        | 2 |  2.3
Conjurations   | 2 |  2.0
Spellcasting   | |  2.6
Air Magic      | |  3.4

Action                   |  1- 3 |  4- 6 || total
-------------------------+-------+-------++-------
Melee: Whip              |    11 |       ||    11
       Unarmed           |     4 |       ||     4
       Tailslap          |     2 |     2 ||     4
       Short sword       |    11 |       ||    11
       Punch             |     1 |       ||     1
       Dagger            |    12 |     7 ||    19
 Cast: Shock             |    94 |     1 ||    95
       Static Discharge  |     1 |       ||     1
 Stab: Sleeping          |     4 |       ||     4
Armor: Skin              |     7 |     1 ||     8
Dodge: Dodged            |    31 |     4 ||    35
